 Dungeon Crawl Stone Soup version 0.13.1-2-gfb2c2b7 (webtiles) character file.

226 Lilouch the Skirmisher (level 3, -7/25 HPs)
             Began as a Demonspawn Chaos Knight on Dec 9, 2013.
             Was a Plaything of Xom.
             Killed by divine providence
             ... invoked by an orc priest
              (9 damage)
             ... on Level 3 of the Dungeon.
             The game lasted 00:03:55 (1642 turns).

Lilouch the Skirmisher (Demonspawn Chaos Knight)    Turns: 1642, Time: 00:03:56

HP  -7/25        AC 12     Str 13      XL: 3   Next: 87%
MP   3/3         EV  5     Int 11      God: Xom
Gold 163         SH  0     Dex 12      Spells:  0 memorised,  2 levels left

Res.Fire  : . . .   See Invis. : .   a - +0 spear (chaos) {=f}
Res.Cold  : . . .   Warding    : .   e - +2 chain mail
Life Prot.: . . .   Conserve   : .   (no shield)
Res.Poison: .       Res.Corr.  : .   (helmet restricted)
Res.Elec. : .       Clarity    : .   (no cloak)
Sust.Abil.: . .     Spirit.Shd : .   (no gloves)
Res.Mut.  : .       Stasis     : .   m - +0 pair of boots
Res.Rott. : .       Flight     : .   (no amulet)
Saprovore : . . .                    (no ring)
                                     (no ring)

@: not resistant to hostile enchantments, extremely unstealthy
A: antennae 1, -10% hp, mutation resistance 1, Int -2
a: Renounce Religion


You were on level 3 of the Dungeon.
You worshipped Xom.
You were a very special plaything of Xom.
You were not hungry.

You visited 1 branch of the dungeon, and saw 3 of its levels.

You collected 143 gold pieces.

Inventory:

Hand weapons
 a - a +0,+0 spear of chaos (weapon) {=f}
Missiles
 i - 12 poisoned needles
Armour
 b - a +2 leather armour
 e - a +2 chain mail (worn)
 m - a +0 pair of boots (worn)
Comestibles
 c - 3 bread rations
 f - a beef jerky
 k - a sausage
 n - an apple
 t - 2 meat rations
 w - a chunk of bat flesh
Scrolls
 h - 3 scrolls of identify {unknown}
 j - a scroll of remove curse {unknown}
 l - a scroll of enchant weapon II {unknown}
 q - 2 scrolls of teleportation {unknown}
 r - a scroll of blinking {unknown}
 s - a scroll of enchant armour {unknown}
 v - a scroll of curse weapon {unknown}
Potions
 d - a potion of curing {unknown}
 g - a potion of slowing {unknown}
 o - a potion of heal wounds {unknown}
 p - a potion of poison {unknown}


   Skills:
 + Level 3.5 Fighting
 + Level 3.3 Polearms
 + Level 2.7 Armour
 - Level 0.8 Dodging


You had 2 spell levels left.
You didn't know any spells.

Dungeon Overview and Level Annotations

Branches:
Dungeon (3/27)

Altars:


Innate Abilities, Weirdness & Mutations

You have a pair of small antennae on your head.
You are dopey. (Int -2)
You are frail (-10% HP).
You are somewhat resistant to further mutation.


Message History

Deactivating autopickup; reactivate with Ctrl-A.
Xom is amused.
The orc throws a dart.
The dart hits you!
The orc throws a dart.
The dart hits something.
Xom is highly amused!
It hits you but does no damage.
The orc throws a dart.
The dart hits something.
You hit it. You burn it.
You hear Xom's avuncular chuckle.
Your body is suffused with distortional energy.
You feel frail.
You feel genetically stable.
You feel stupid.
The orc throws a dart.
The dart hits something.
You hear something mumble some strange prayers to Beogh against you.
Something smites you!
Ouch! That really hurt!
* * * LOW HITPOINT WARNING * * *
There is a stone staircase leading up here.
You hear something call down the wrath of Beogh upon you.
Something smites you!
You die...

..##.#......#.#######...)........
..##.#..............#............
..#..............##.##.#.........
..............##.##.##(#>........
..#.........#.##.##.##o#.........
.....................o...........
.###.#......#.##.##.##.#.........
.###.#......#.##...o##.#.........
................@.............###
.###.####.....(.....##.#....#.##.
.# #................##.#....#.##.
.###.####........................
.##.................##.#....#%##.
....................##.#....#.###
..........................%....##
.##.............###............##
.##......####.### #....##......##


You could see 3 orcs.

Vanquished Creatures
  An adder (D:2)
  A worm (D:2)
  3 giant geckos
  2 giant cockroaches (D:3)
  4 goblins
  7 hobgoblins
  7 jackals (D:2)
  6 kobolds
  3 bats
  3 giant newts (D:2)
  6 rats
43 creatures vanquished.

Notes
Turn   | Place    | Note
--------------------------------------------------------------
     0 | D:1      | Lilouch, the Demonspawn Chaos Knight, began the quest for the Orb.
     0 | D:1      | Reached XP level 1. HP: 16/16 MP: 1/1
   163 | D:1      | Gained mutation: You have a pair of small antennae on your head. [demonic ancestry]
   163 | D:1      | Reached XP level 2. HP: 22/22 MP: 2/2
   237 | D:1      | You fall through a shaft!
   385 | D:2      | XOM: cast spell 'Beastly Appendage'
   479 | D:2      | XOM: cast spell 'Summon Butterflies'
   620 | D:2      | XOM: noise
   625 | D:2      | Reached XP level 3. HP: 24/28 MP: 3/3
  1290 | D:2      | XOM: colour smoke trail
  1635 | D:3      | XOM: give mutations
  1635 | D:3      | Gained mutation: You are frail (-10% HP). [Xom's mischief]
  1635 | D:3      | Gained mutation: You are somewhat resistant to further mutation. [Xom's mischief]
  1635 | D:3      | Gained mutation: You are dopey. (Int -2) [Xom's mischief]
  1635 | D:3      | HP: 1/25 [it/divine providence (13)]
  1642 | D:3      | Killed from afar by an orc priest

Action                   || total
-------------------------++-------
Melee: Spear             ||   145
 Stab: Paralysed         ||     4
